AoeStats
← Culo

Arabia

509710905Analyzed
4v4 RM · 6d ago on Sep 27, 2026· 48m 21s· 8 players
Game mode
Random Map
Map size
Large (8 player)
Population
200
Speed
Normal
Resources
Standard
Victory
Conquest
Starting age
Dark Age
Ending age
Imperial Age
RankedLock teamsTeams togetherTeam positionsShared explorationLock speedFull tech treeHidden civsTurbo modeCheats
Victory
Defeat
🇦🇿 Gurjaras · Azerbaijan
882
+13
🇳🇱 Ethiopians · Netherlands
856
+14
🇦🇷 Franks · Argentina
853
+15
🇦🇷 Khmer · Argentina
841
+15
🇹🇷 Byzantines · Türkiye
878
-16
🇹🇷 Hindustanis · Türkiye
836
-15
🇹🇷 Wei · Türkiye
835
-15
🇹🇷 Italians · Türkiye
740
-11
Sm0k1nG040
11:48 Feudal Age
15:40 Castle Age
14:41 Double-Bit Axe
14:41 Horse Collar
16:48 Wheelbarrow
21:04 Bow Saw
21:46 Heavy Plow
23:12 Gold Mining
24:38 Gold Shaft Mining
28:02 Caravan
30:41 Imperial Age
27:57 Loom
28:40 Hand Cart
28:32 Caravan
29:54 Fletching
30:21 Thumb Ring
29:41 Crossbowman
31:34 Coinage
31:30 Bodkin Arrow
31:37 Padded Archer Armor
32:37 Conscription
33:21 Two-Man Saw
33:26 Chemistry
33:12 Ballistics
32:22 Arbalester
34:21 Banking
34:00 Bracer
34:16 Leather Archer Armor
36:07 Ring Archer Armor
nicolas.e.delgadillo96
6:23 Loom
9:19 Feudal Age
17:08 Forging
17:18 Horse Collar
19:19 Double-Bit Axe
22:50 Castle Age
21:36 Scale Barding Armor
21:29 Fletching
21:39 Padded Archer Armor
24:38 Iron Casting
25:02 Gold Mining
25:03 Stone Mining
26:32 Gold Shaft Mining
26:52 Stone Shaft Mining
26:29 Husbandry
26:39 Bloodlines
27:07 Ballistics
28:12 Bow Saw
28:00 Light Cavalry
29:49 Heavy Plow
35:02 Imperial Age
34:54 Bodkin Arrow
36:33 Bracer
37:54 Chemistry
38:13 Leather Archer Armor
39:13 Blast Furnace
39:01 Chain Barding Armor
39:11 Conscription
40:18 Wheelbarrow
39:30 Town Watch
40:22 Crop Rotation
41:40 Double Crossbow
43:22 Hussar
48:22 Leather Archer Armor
Russia05
10:49 Feudal Age
10:27 Loom
17:30 Castle Age
15:35 Double-Bit Axe
15:32 Horse Collar
18:47 Forging
22:27 Bloodlines
22:17 Husbandry
25:15 Gold Mining
25:16 Stone Mining
25:19 Gold Mining
26:29 Bow Saw
34:09 Imperial Age
32:16 Wheelbarrow
34:46 Iron Casting
34:17 Scale Barding Armor
34:19 Heavy Camel Rider
36:44 Chain Barding Armor
37:22 Hand Cart
41:01 Plate Barding Armor
40:16 Fletching
40:27 Padded Archer Armor
42:41 Bodkin Arrow
42:56 Thumb Ring
44:40 Hoardings
44:17 Bracer
44:18 Scale Mail Armor
44:18 Murder Holes
44:34 Masonry
45:34 Ballistics
46:14 Chemistry
46:56 Conscription
47:02 Frontier Guards
47:00 Elite Shrivamsha Rider
Culo
4:51 Loom
10:13 Feudal Age
10:51 Double-Bit Axe
16:47 Gold Mining
17:24 Stone Mining
19:42 Castle Age
22:16 Bow Saw
22:46 Gold Shaft Mining
22:08 Treadmill Crane
22:24 Murder Holes
22:51 Ballistics
23:44 Masonry
26:50 Wheelbarrow
26:24 Town Watch
28:21 Husbandry
29:22 Hand Cart
29:08 Town Patrol
30:32 Caravan
34:32 Imperial Age
32:38 Forging
32:25 Fletching
33:30 Fortified Wall
34:01 Iron Casting
33:38 Scale Barding Armor
35:13 Chain Barding Armor
34:54 Bodkin Arrow
35:03 Scale Mail Armor
36:14 Conscription
35:55 Chivalry
36:31 Hoardings
37:04 Blast Furnace
37:10 Plate Barding Armor
36:55 Chain Mail Armor
36:58 Cavalier
37:47 Padded Archer Armor
37:59 Squires
37:20 Pikeman
37:46 Arson
37:53 Paladin
39:31 Plate Mail Armor
38:23 Halberdier
keskek
7:59 Loom
10:29 Feudal Age
17:16 Bloodlines
18:12 Double-Bit Axe
18:10 Horse Collar
23:14 Castle Age
21:43 Scale Barding Armor
21:48 Forging
21:59 Gold Mining
22:00 Stone Mining
22:49 Scale Mail Armor
25:14 Husbandry
25:46 Chain Barding Armor
26:03 Iron Casting
28:23 Squires
35:07 Imperial Age
36:29 Siege Elephant
36:36 Heavy Camel Rider
38:06 Grand Trunk Road
38:52 Conscription
40:16 Imperial Camel Rider
Mevt
1:58 Loom
10:10 Feudal Age
16:19 Castle Age
14:36 Horse Collar
16:57 Double-Bit Axe
20:43 Bow Saw
21:31 Stone Mining
21:55 Heavy Plow
29:39 Imperial Age
29:01 Wheelbarrow
28:22 Gold Mining
29:07 Stone Shaft Mining
30:27 Hand Cart
32:38 Chemistry
32:01 Ballistics
31:36 Murder Holes
32:00 Light Cavalry
33:02 Forging
32:58 Scale Barding Armor
32:54 Scale Mail Armor
35:46 Two-Man Saw
34:51 Padded Archer Armor
34:41 Fletching
35:11 Chain Barding Armor
34:39 Elite Skirmisher
35:25 Thumb Ring
36:21 Leather Archer Armor
36:22 Chain Mail Armor
36:42 Iron Casting
39:57 Squires
39:18 Pikeman
39:43 Arson
41:04 Ring Archer Armor
40:30 Bodkin Arrow
40:41 Hussar
41:41 Halberdier
A3NC
3:46 Loom
10:54 Feudal Age
19:17 Castle Age
17:47 Double-Bit Axe
18:06 Padded Archer Armor
18:06 Fletching
18:20 Horse Collar
21:08 Gold Mining
21:09 Stone Mining
25:22 Wheelbarrow
26:57 Hand Cart
30:15 Leather Archer Armor
29:56 Bodkin Arrow
30:04 Scale Mail Armor
30:15 Forging
30:56 Stone Shaft Mining
33:21 Imperial Age
31:32 Scale Mail Armor
32:15 Silk Road
33:10 Caravan
35:07 Ring Archer Armor
34:37 Bracer
35:07 Chain Mail Armor
35:29 Iron Casting
34:50 Arson
35:08 Squires
35:41 Conscription
36:11 Ballistics
35:49 Murder Holes
36:05 Masonry
35:36 Treadmill Crane
36:58 Chemistry
38:19 Thumb Ring
41:26 Elite Skirmisher
43:20 Plate Mail Armor
43:50 Blast Furnace
43:11 Pikeman
44:13 Elite Genoese Crossbowman
Stephan Carlsen
4:18 Loom
9:59 Feudal Age
10:31 Double-Bit Axe
11:12 Horse Collar
14:57 Stone Mining
17:03 Wheelbarrow
18:53 Gold Mining
23:42 Castle Age
23:27 Forging
23:25 Scale Barding Armor
25:02 Hand Cart
25:02 Bow Saw
24:57 Heavy Plow
24:42 Pikeman
26:20 Stone Shaft Mining
28:38 Iron Casting
29:19 Gold Shaft Mining
30:33 Chain Barding Armor
35:54 Imperial Age
34:46 Town Watch
39:22 Tuntian
41:20 Elite Tiger Cavalry
44:19 Halberdier
45:19 Scale Mail Armor
46:20 Blast Furnace
Connection lost

Rejoining the realm…

Still unreachable

The connection could not be restored.

Session expired

The server has moved on; the page needs a fresh start.